 Dungeon Crawl Stone Soup version 0.23-a0-642-g3120c2f (webtiles) character file.

342 MisterFreud the Fighter (level 6, -6/61 HPs)
             Began as a Minotaur Abyssal Knight on Dec 30, 2018.
             Was a Priest of Lugonu.
             Killed by nerve-wracking pain
             ... invoked by Grinder
              (12 damage)
             ... on level 5 of the Dungeon.
             The game lasted 00:04:10 (3381 turns).

MisterFreud the Fighter (Minotaur Abyssal Knight)   Turns: 3381, Time: 00:04:11

Health: -6/61      AC:  5    Str: 18    XL:     6   Next: 30%
Magic:  7/7        EV: 11    Int:  9    God:    Lugonu [***...]
Gold:   215        SH:  0    Dex: 14    Spells: 5/5 levels left

rFire    . . .     SeeInvis .   a - +1 falchion
rCold    . . .     Gourm    +   (no shield)
rNeg     . . .     Faith    .   b - +0 leather armour
rPois    .         Spirit   .   (helmet restricted)
rElec    .         Reflect  .   (no cloak)
rCorr    .         Harm     .   (no gloves)
MR       .....                  o - +1 pair of boots
Stlth    +.........             v - amulet of the gourmand
HPRegen  0.20/turn              s - +4 ring of dexterity
MPRegen  0.10/turn              (no ring)

@: lethally poisoned (-6 -> -7)
A: retaliatory headbutt, horns 2
a: Depart the Abyss, Bend Space, Banish, Renounce Religion


You were on level 5 of the Dungeon.
You worshipped Lugonu.
Lugonu was most pleased with you.
You were not hungry.

You visited 2 branches of the dungeon, and saw 6 of its levels.
You visited the Abyss 1 time.

You collected 215 gold pieces.

Inventory:

Hand Weapons
 a - a +1 falchion (weapon)
 r - a +0 hunting sling of freezing
Armour
 b - a +0 leather armour (worn)
 n - a +0 buckler
 o - a +1 pair of boots (worn)
Jewellery
 p - an uncursed amulet of guardian spirit
 s - a +4 ring of dexterity (left hand)
 v - an amulet of the gourmand (around neck)
Scrolls
 h - a scroll of fear {unknown}
 i - 3 scrolls of identify {unknown}
 k - 2 scrolls of amnesia {unknown}
 m - 3 scrolls of remove curse {unknown}
 q - 3 scrolls of teleportation {unknown}
 u - a scroll of enchant weapon {unknown}
Potions
 d - 2 potions of might {unknown}
 e - 2 potions of brilliance {unknown}
 f - a potion of resistance {unknown}
 g - 3 potions of curing {unknown}
 j - 2 potions of heal wounds {unknown}
 l - a potion of flight {unknown}
Comestibles
 c - 7 rations
 t - 3 chunks of flesh


   Skills:
 - Level 8.0 Fighting
 - Level 2.4 Long Blades
 - Level 2.4 Armour
 - Level 1.1 Dodging
 + Level 3.0 Invocations


You had 5 spell levels left.
You didn't know any spells.
Your spell library was empty.

Dungeon Overview and Level Annotations

Branches:
Dungeon (5/15)             Temple (1/1) D:4

Altars:

Annotations:
D:5 Grinder


Innate Abilities, Weirdness & Mutations

You reflexively headbutt those who attack you in melee.
You have a pair of horns on your head.


Message History

You see here a worker ant corpse.
You butcher the worker ant corpse.
t - 3 chunks of flesh You feel sick.
You feel sick.
You feel sick.
Grinder comes into view.
Grinder shouts!
Grinder gestures at you. Pain shoots through your body!
You feel sick.
Grinder says, "There's only one good use for a tongue: cutting it out."
Grinder gestures at you. Pain shoots through your body!
* * * LOW HITPOINT WARNING * * *
You feel sick.
Grinder says, "Mostly I couldn't keep them alive."
Grinder gestures at you. Pain shoots through your body!
You die...

##........#
#.........# #.
.......
#..##...####..
#.............
#.###5..######
##.## # #.#
....###@###
.........<#
###.###..<..$....
###.######. #.#
#.# #.# #.# #[#


You could see Grinder.

Vanquished Creatures
  A bullfrog (D:4)
  A scorpion (D:4)
  3 worker ants
  7 adders
  An ooze (D:3)
  2 worms
  3 dart slugs
  4 leopard geckos
  A ball python (D:4)
  5 giant cockroaches
  6 goblins
  16 hobgoblins
  8 jackals
  5 bats
  A frilled lizard (D:2)
  4 kobolds
  8 rats
76 creatures vanquished.

Notes
Turn   | Place    | Note
-------+----------+-------------------------------------------
     0 | Abyss:1  | MisterFreud the Minotaur Abyssal Knight began the quest for
                  | the Orb.
     0 | Abyss:1  | Reached XP level 1. HP: 19/19 MP: 1/1
    14 | D:1      | Escaped the Abyss
   111 | D:1      | Reached skill level 4 in Fighting
   135 | D:1      | Reached XP level 2. HP: 14/28 MP: 2/2
   401 | D:1      | Reached ** piety under Lugonu
   647 | D:1      | Reached skill level 5 in Fighting
   756 | D:1      | Reached XP level 3. HP: 33/36 MP: 3/3
  1329 | D:2      | Reached skill level 6 in Fighting
  1329 | D:2      | Reached XP level 4. HP: 44/44 MP: 4/4
  1806 | D:2      | Found a faded altar of an unknown god.
  2089 | D:3      | Reached *** piety under Lugonu
  2142 | D:3      | Reached skill level 7 in Fighting
  2142 | D:3      | Reached XP level 5. HP: 48/52 MP: 5/5
  2456 | D:4      | Found a staircase to the Ecumenical Temple.
  2571 | D:4      | Reached skill level 8 in Fighting
  2805 | D:4      | Reached XP level 6. HP: 4/61 MP: 5/7
  3329 | Temple   | Entered the Ecumenical Temple
  3361 | D:5      | Entered Level 5 of the Dungeon
  3376 | D:5      | Noticed Grinder
  3381 | D:5      | Killed from afar by Grinder

Vault maps used:
D:1:      matt_arrival_refuge
D:2:      chequers_ecumenical_altar_lobes
D:4:      minmay_temple_entry_drinking_statues
D:5:      nicolae_ossuary_entry_giza, first_ration, uniq_grinder,
          uniq_prince_ribbit1
Temple:   nicolae_temple_god_jail

Skill      XL: |  1  2  3  4  5  6 |
---------------+-------------------+-----
Fighting       | 4 5 6 7 8 |  8.0
Invocations    | 2 3 |  3.0
Long Blades    | |  2.4
Armour         | |  2.4
Dodging        | |  1.1

Action                   |  1- 3 |  4- 6 || total
-------------------------+-------+-------++-------
Melee: Falchion          |    82 |    94 ||   176
       Headbutt          |    12 |    21 ||    33
  Eat: Chunk             |     1 |    17 ||    18
Armor: Leather armour    |    24 |    23 ||    47
Dodge: Dodged            |    40 |    50 ||    90
       Rpst.: Falchion   |     8 |    22 ||    30

Table legend:
 A = Non-vault XP
 B = Vault XP
 C = Vault XP percentage of total XP
 D = Non-vault monster count
 E = Vault monster count
 F = Vault count percentage of total count
                 A         B        C        D         E       F
            +---------+---------+-------+---------+---------+-------
      Total |     489 |       0 |   0.0 |      76 |       0 |   0.0
            +---------+---------+-------+---------+---------+-------
        D:1 |      52 |       0 |   0.0 |      27 |       0 |   0.0
        D:2 |      85 |       0 |   0.0 |      20 |       0 |   0.0
        D:3 |      68 |       0 |   0.0 |      15 |       0 |   0.0
        D:4 |     251 |       0 |   0.0 |      13 |       0 |   0.0
        D:5 |      33 |       0 |   0.0 |       1 |       0 |   0.0
            +---------+---------+-------+---------+---------+-------
